[Event "Late-Titled-Tuesday-Blitz-February-13-2024"]
[Site "Chess.com"]
[Date "2024.02.13"]
[Round "4"]
[White "WilsonPalencia21"]
[Black "Inepton_Fermion"]
[Result "1-0"]
[WhiteElo "2546"]
[BlackElo "2374"]
[TimeControl "180+1"]
[EndTime "14:39:44 PST"]
[Termination "WilsonPalencia21 won by checkmate"]

1. d4 Nf6 2. c4 e6 3. Nf3 b6 4. g3 Bb7 5. Bg2 Bb4+ 6. Bd2 a5 7.
O-O O-O 8. Bg5 Be7 9. Nc3 Ne4 10.
Bxe7 Qxe7 11. Qc2 Nxc3 12. Qxc3 d6 13. Rfe1 f5 14. Nh4 Bxg2 15. Nxg2 Nd7 16. e4 fxe4 17.
Rxe4 e5 18. Rae1 Qf6 19. f4 exd4 20. Qxd4 Qxd4+ 21. Rxd4 Rae8 22. Rde4 Kf7 23. Kf2 Nf6 24. Rxe8 Rxe8 25. Rxe8 Kxe8 26. Kf3 Kd7 27. Ne3 Kc6 28. g4 Kc5 29. g5 Ne8 30. Ke4 c6 31. Kd3 d5 32.
cxd5 cxd5 33. Ng4 Nd6 34. h4 g6 35. Nf6 Nf5 36. h5 gxh5 37. Nxh5 Nd4 38. Nf6 Ne6 39. Ke3 d4+ 40. Kf3 d3 41. Nxh7 Nxf4 42. Ke3 Kc4 43. Nf6 Ng2+ 44. Kd2 Nh4 45. Ng4 Ng6 46. Nf2 Nf4 47. Ke3 Nd5+ 48. Ke4 d2 49. g6 Nf6+ 50. Ke3 Nh5 51. Kxd2 Kd4 52. Ng4 Ke4 53. Kc3 Kf5 54.
Ne3+ Kxg6 55. Kc4 Nf4 56. Nd5 Ne2 57. Nxb6 Nc1 58. a3 Kf5 59. Kc3 Ke5 60. Nc4+ Kd5 61. Nxa5 Kc5 62. Nb3+ Kb6 63. Nxc1 Kb7 64. b4 Ka7 65. a4 Kb7 66. a5 Ka7 67. b5 Kb7 68. Kb4 Ka7 69. Kc5 Kb7 70. Nb3 Ka7 71. Nd2 Kb7 72.
Nc4 Ka7 73. Ne5 Kb7 74. Nc6 Kc7 75. a6 Kc8 76. b6 Kd7 77. a7 Ke6 78. a8=Q Kd7 79.
Qb7+ Ke6 80. Qe7+ Kf5 81. b7 Kf4 82. b8=R Kf3 83. Rf8+ Kg4 84. Qg7+ Kh3 85. Rh8# 1-0

[Event "Late-Titled-Tuesday-Blitz-February-13-2024"]
[Site "Chess.com"]
[Date "2024.02.13"]
[Round "4"]
[White "GoltsevDmitry2000"]
[Black "ahmedkandiliii"]
[Result "1-0"]
[WhiteElo "2776"]
[BlackElo "2549"]
[TimeControl "180+1"]
[EndTime "14:39:45 PST"]
[Termination "GoltsevDmitry2000 won by resignation"]

1. e4 e5 2. Nf3 Nc6 3. Bb5 a6 4. Ba4 Nf6 5. O-O b5 6. Bb3 Be7 7. c3 O-O 8. d4 d6 9. Bg5 Bb7 10.
Qe2 Re8 11. dxe5 Nxe5 12. Nxe5 dxe5 13. Nd2 Nxe4 14. Nxe4 Bxg5 15. Bxf7+ Kxf7 16. Qh5+ Kg8 17. Nxg5 h6 18. Qf7+ Kh8 19. Ne6 Qf6 20. Qxf6 gxf6 21. Nxc7 Rg8 22. f3 Rac8 23. Ne6 Rc6 24. Rad1 Rxe6 25.
Rd7 Bc6 26. Ra7 e4 27. fxe4 Bxe4 28. g3 Bd5 29. Rd1 Be4 30. Rdd7 h5 31. Kf2 Bg6 32.
Rac7 Rge8 33. Rd2 Bf5 34. Rc5 Re5 35. Rc6 Bg4 36. Rxf6 Re2+ 37. Rxe2 Rxe2+ 38. Kg1 Rxb2 39. Rxa6 Bf3 40. Ra5 Rg2+ 41. Kf1 Rxh2 42. Rxb5 Rxa2 43. Rf5 Bg4 44. Rc5 Kg8 45. c4 Kf7 46. Re5 Rc2 47. Re4 Kf6 48. Kg1 Kf5 49. Rf4+ Kg5 50. Rd4 Kf5 51. Rf4+ Ke5 52. Kh1 Be6 53. Kg1 Rxc4 54.
Rf2 Bg4 55. Rd2 Rd4 56. Rb2 Re4 57. Kf2 Kd4 58. Rb4+ Kc3 59. Rxe4 Kd3 60. Rb4 Kc3 61. Ra4 Kd3 62. Rf4 Kd2 63. Rd4+ Kc3 64. Rd8 Kc4 65.
Ke3 Kc3 66. Kf4 Kc4 67. Rg8 Kd5 68. Rxg4 hxg4 69. Kxg4 Ke5 70. Kg5 1-0

[Event "Late-Titled-Tuesday-Blitz-February-13-2024"]
[Site "Chess.com"]
[Date "2024.02.13"]
[Round "4"]
[White "Payyappat"]
[Black "stollenmonster"]
[Result "0-1"]
[WhiteElo "2572"]
[BlackElo "2863"]
[TimeControl "180+1"]
[EndTime "14:39:46 PST"]
[Termination "stollenmonster won by resignation"]

1. e4 c5 2. Nf3 Nf6 3. d4 Nxe4 4. Bd3 d5 5. O-O Nc6 6. c4 cxd4 7. cxd5 Qxd5 8.
Re1 Nc5 9. Bb5 Bd7 10. Nc3 Qd6 11. Bxc6 Bxc6 12. Qxd4 Qxd4 13. Nxd4 e6 14. Be3 Rc8 15. Nxc6 Rxc6 16. Nb5 a6 17. Nd4 Rd6 18. b4 Nd3 19.
Red1 Nxb4 20. Rab1 Rd7 21. Rdc1 Kd8 22. Bg5+ f6 23.
Nxe6+ Ke7 24. Nc5 fxg5 25. Nxd7 Kxd7 26. a3 a5 27. axb4 Bxb4 28. Rc4 Ke6 29. Rc7 b6 30. Rc6+ Ke5 31. Rxb6 Rd8 32. Rb7 Kf6 33. Rc1 Rd6 34. h3 h5 35. Rcc7 Rd1+ 36. Kh2 Bd6+ 37. g3 Bxc7 38.
Rxc7 a4 39. Ra7 Ra1 40. Kg2 g4 41. hxg4 hxg4 42. Ra6+ Kf5 43. Ra5+ Kf6 44. Kh2 a3 45. Kg2 g6 46. Kh2 Ke6 47. Kg2 a2 48. Kh2 Kd6 49.
Kg2 Kc6 50. Kh2 Kb6 51. Ra3 Kc5 52. Kg2 Kc4 53. Ra8 Kd4 54. Rd8+ Ke4 55. Ra8 g5 56. Ra4+ Kd3 57. Ra8 Kc3 58. Rc8+ Kb4 59. Rb8+ Kc5 60. Rc8+ Kd5 61. Rd8+ Ke5 62. Re8+ Kd6 63.
Rd8+ Ke7 64. Ra8 Kf6 65. Ra6+ Ke5 66. Ra5+ Kd4 67. Ra8 Kc4 68. Rc8+ Kb5 69. Rb8+ Kc6 70. Rc8+ Kb7 71. Rc5 Rb1 72. Rxg5 a1=Q 0-1

[Event "Late-Titled-Tuesday-Blitz-February-13-2024"]
[Site "Chess.com"]
[Date "2024.02.13"]
[Round "4"]
[White "ChristopherYoo"]
[Black "TheSilmarils"]
[Result "1-0"]
[WhiteElo "2973"]
[BlackElo "2848"]
[TimeControl "180+1"]
[EndTime "14:39:48 PST"]
[Termination "ChristopherYoo won by checkmate"]

1. d4 Nf6 2. c4 e6 3. Nc3 c5 4. d5 d6 5. dxe6 Bxe6 6. e4 Nc6 7.
Nf3 g6 8. Bf4 Nh5 9. Bg5 Qb6 10.
Qd2 Bg7 11. Be2 O-O 12. O-O Nf6 13. Rfd1 Rad8 14. b3 Rd7 15. Rac1 Ng4 16. Nd5 Bxd5 17. exd5 Nb4 18. a3 Na6 19. Rb1 h6 20. Bf4 g5 21.
Bg3 f5 22. h3 f4 23. hxg4 fxg3 24. fxg3 Qd8 25. Bd3 Nc7 26. Bf5 Re7 27. Re1 Rfe8 28. Rxe7 Qxe7 29. Re1 Qf8 30. Re2 Bf6 31. Qe1 Kg7 32. Kh2 Re7 33. Nd2 Rxe2 34. Qxe2 Qe7 35. Be4 Be5 36. Qf3 Qf6 37. Nf1 Ne8 38. Ne3 Kf8 39. Nf5 Kg8 40. b4 b6 41. Qb3 Ng7 42. Qa4 Nxf5 43. Bxf5 Qe7 44. Qc2 Kg7 45. Qe4 Qf6 46.
Qc2 Qf7 47. Qa4 Qe7 48. Qb3 Kf6 49. Qf3 Kg7 50. bxc5 bxc5 51. Be6 Qf6 52. Qb3 Qe7 53. Qb8 Qf8 54. Qc7+ Kg6 55. Bf5+ Kf6 56. Qd7 Qe7 57. Qc8 Kg7 58. Be6 Bd4 59. Qg8+ Kf6 60. Bf5 Qf7 61.
Qd8+ Kg7 62. Qxd6 Qf6 63. Qc7+ Qf7 64. d6 Be5 65. Qxc5 Qf6 66. d7 Bb8 67. Qf2 Qe5 68. c5 Qc7 69. Qd4+ Kg8 70. Qd3 Qd8 71. Be6+ Kf8 72. Qf5+ Ke7 73. Qf7# 1-0

[Event "Late-Titled-Tuesday-Blitz-February-13-2024"]
[Site "Chess.com"]
[Date "2024.02.13"]
[Round "4"]
[White "lucliasco"]
[Black "DenLaz"]
[Result "1/2-1/2"]
[WhiteElo "2848"]
[BlackElo "3067"]
[TimeControl "180+1"]
[EndTime "14:39:56 PST"]
[Termination "Game drawn - insufficient material"]

1. e4 c5 2. Nc3 e6 3. d4 cxd4 4.
Qxd4 Nc6 5. Qe3 Nf6 6. Bd2 Bb4 7. O-O-O O-O 8. a3 Ba5 9. f4 d5 10. exd5 exd5 11. Qg3 d4 12. Nb1 Ne4 13. Qf3 Re8 14.
Bd3 Bf5 15. Bxa5 Nxa5 16. g4 Rc8 17. b4 Bxg4 18. Qxg4 Nf2 19. Qf3 Nxd1 20. Qxd1 Nc4 21. Ne2 Ne3 22. Qd2 Qd5 23. Rg1 g6 24. f5 Nxf5 25.
Bxf5 Qxf5 26. Nxd4 Qe5 27. c3 Red8 28. Kb2 a5 29.
Rg3 axb4 30. axb4 Rc4 31. Rd3 Re8 32. h3 Rc7 33. Na3 Qf6 34. Nac2 Rce7 35. Rg3 Re4 36.
Qd3 Qe5 37. Qc4 Qxg3 38. Qb5 Qe5 39. Qxb7 Qe7 40. Qd5 Re5 41. Qf3 Qc7 42. b5 Qb6 43. Qd3 Rb8 44. c4 Qc5 45. Nb3 Qe7 46. Qg3 Qf6 47.
Qc3 Rf5 48. Qxf6 Rxf6 49. Ncd4 h5 50. c5 g5 51. b6 g4 52. hxg4 hxg4 53. Ne2 Re6 54.
Nbd4 Re4 55. Kc3 f5 56. Kc4 f4 57. Kd5 Rbe8 58. c6 f3 59. Ng3 R4e5+ 60. Kc4 f2 61. b7 R5e7 62. Kc5 Rf7 63. Nf1 g3 64.
Nxg3 f1=Q 65. Nxf1 Rxf1 66. c7 Rc1+ 67. Kd6 Rxc7 68.
Kxc7 Re7+ 69. Kc6 Rxb7 70. Kxb7 1/2-1/2

[Event "Late-Titled-Tuesday-Blitz-February-13-2024"]
[Site "Chess.com"]
[Date "2024.02.13"]
[Round "4"]
[White "tteshan"]
[Black "Abduzhaparov"]
[Result "0-1"]
[WhiteElo "2629"]
[BlackElo "2415"]
[TimeControl "180+1"]
[EndTime "14:40:03 PST"]
[Termination "Abduzhaparov won by resignation"]

1. e4 d6 2. d4 Nf6 3. Nc3 e5 4. d5 Be7 5. f3 O-O 6. Be3 c6 7. Qd2 cxd5 8. exd5 Qa5 9. Nge2 Nbd7 10. Ng3 Nb6 11.
Rd1 Bd7 12. Be2 Rfc8 13. O-O Rxc3 14. bxc3 Nbxd5 15. Bf2 Qxc3 16. Bd3 g6 17. Ne4 Qxd2 18. Nxf6+ Nxf6 19. Rxd2 Be6 20. c4 b6 21. a4 Rc8 22.
Rc2 Nd7 23. a5 Nc5 24. Be2 bxa5 25. Ra1 Bd8 26. Be1 Bb6 27. Kh1 Nb3 28. Rd1 Nd4 29.
Ra2 Nxe2 30. Rxe2 Bxc4 31. Rc2 Rc6 32. Ra1 d5 33. Bxa5 Bd4 34. Bc3 Bd3 35. Bxd4 Bxc2 36.
Bxe5 a6 37. Bd4 f6 38. Kg1 Kf7 39. Kf2 h5 40. Ra5 Bb3 41. Ke3 Re6+ 42. Kf2 Bc4 43. h4 g5 44. hxg5 fxg5 45. Rc5 Re2+ 46. Kg3 h4+ 47. Kh3 Kg6 48. Rc6+ Kh5 49. Bg7 g4+ 50. fxg4+ Kg5 51. Bf6+ Kg6 52. Bd4+ Kf7 53. g5 Re6 54. Rc7+ Kg6 55. Rg7+ Kf5 56. Kxh4 Re4+ 57. g4+ Rxg4+ 58. Kh5 Rxd4 59. Rf7+ Ke6 60. Rf6+ Ke7 61. Rf2 Re4 62. g6 Be2+ 63. Kh6 Rh4+ 64. Kg7 Bd3 65. Rf7+ Ke8 66. Ra7 Rg4 67. Ra8+ Ke7 68. Ra7+ Ke6 69. Kf8 Rxg6 70. Re7+ Kd6 71. Rb7 Kc5 72. Rc7+ Kd4 73. Rb7 Bc4 74. Rc7 Rg2 0-1

[Event "Late-Titled-Tuesday-Blitz-February-13-2024"]
[Site "Chess.com"]
[Date "2024.02.13"]
[Round "4"]
[White "Grischuk"]
[Black "LiamPutnam2008"]
[Result "1/2-1/2"]
[WhiteElo "3089"]
[BlackElo "2850"]
[TimeControl "180+1"]
[EndTime "14:40:05 PST"]
[Termination "Game drawn by repetition"]

1. d4 Nf6 2. c4 e6 3. Bg5 d5 4. e3 Be7 5. Nc3 O-O 6. Qc2 dxc4 7. Bxc4 b6 8. Nf3 Bb7 9. Qe2 Nbd7 10. O-O Ne4 11. Bf4 Nxc3 12. bxc3 Nf6 13. Rfc1 c5 14. a4 Rc8 15. a5 bxa5 16. Ba6 Bxa6 17. Qxa6 Nd5 18.
Bg3 cxd4 19. cxd4 Rxc1+ 20. Rxc1 Qb6 21. Qc4 h6 22. Ne5 Qb4 23. Qc2 Qb7 24. Qc6 Qxc6 25. Nxc6 Rc8 26. e4 Ba3 27. exd5 Bxc1 28. Ne7+ Kf8 29.
Nxc8 a4 30. dxe6 fxe6 31. Bd6+ Kg8 32. Nxa7 a3 33. Bxa3 Bxa3 34. Kf1 Kf7 35. Ke2 Ke7 36. Kd3 Kd7 37. Nb5 Be7 38. Nc3 Bf6 39. Ke4 Be7 40. Ne2 Bd6 41. h3 Ke7 42. g4 Kf7 43.
Nc1 Be7 44. Nd3 Bd6 45. Ne5+ Kf6 46. Nd7+ Ke7 47. Nb6 Kf6 48. Nc4 Bc7 49. Nb2 Ke7 50. Nd3 Kf6 51. f4 Ke7 52. h4 Kf6 53. h5 g6 54. hxg6 Kxg6 55. Nc5 Kf7 56. Nd7 Bd6 57. Ne5+ Kg7 58. Nc4 Bc7 59. Nd2 Kg6 60. Nf1 h5 61. gxh5+ Kxh5 62. Ne3 Kg6 63. Nc4 Kf6 64. Ne5 Ke7 65. Nd3 Kf6 66. Nc5 Ke7 67. Na6 Bd6 68. Nc5 Kf6 69. Nb3 Ke7 70. Nd2 Kf6 71. Nf1 Bc7 72. Ne3 Bb6 73. Ng4+ Ke7 74. Ne5 Bc7 75. Nc4 Kf6 76. Ne3 Bb8 77. Ng4+ Ke7 78. Ne5 Bc7 1/2-1/2

[Event "Late-Titled-Tuesday-Blitz-February-13-2024"]
[Site "Chess.com"]
[Date "2024.02.13"]
[Round "4"]
[White "AldokhinIvan"]
[Black "semchik73"]
[Result "1-0"]
[WhiteElo "2656"]
[BlackElo "2422"]
[TimeControl "180+1"]
[EndTime "14:40:09 PST"]
[Termination "AldokhinIvan won by checkmate"]

1. e4 Nf6 2. e5 Nd5 3. Nc3 e6 4. Nxd5 exd5 5. f4 d6 6. Nf3 dxe5 7. fxe5 c5 8. c3 d4 9. cxd4 cxd4 10. Qa4+ Nc6 11.
Bb5 Bd7 12. O-O Bc5 13. d3 O-O 14. Qd1 Bg4 15. Bf4 Qb6 16. Bxc6 Qxc6 17. Qe1 Qg6 18. Qg3 Bf5 19. Qxg6 Bxg6 20. Rad1 h6 21. Nh4 Bh7 22. Bg3 Rac8 23. Nf5 Bxf5 24. Rxf5 Be7 25. Rf2 Bg5 26. Bf4 Bxf4 27. Rxf4 Rc2 28. Rxd4 Rxb2 29. a4 Rc8 30. Rg4 Rcc2 31. d4 h5 32. Rg5 Rd2 33. Rc1 g6 34. e6 fxe6 35. Rxg6+ Kf7 36. Rg3 h4 37. Rg4 h3 38. gxh3 Rxh2 39. Rc7+ Kf6 40. Rxb7 Ra2 41. Rxa7 Rhb2 42. Kh1 Rh2+ 43. Kg1 Rhb2 44. Rf4+ Kg5 45.
Raf7 Rb1+ 46. Rf1 Rxf1+ 47. Rxf1 Rxa4 48. Rd1 Kh4 49. Kg2 Ra2+ 50. Kf3 Ra3+ 51. Ke4 Rxh3 52. Re1 Rh2 53. Ke5 Rd2 54. Re4+ Kg5 55. Kxe6 Kg6 56. d5 Kg7 57. d6 Ra2 58. d7 Ra6+ 59. Ke7 Ra7 60. Ke8 Rxd7 61. Kxd7 Kf6 62. Kd6 Kf5 63. Kd5 Kf6 64. Re5 Kf7 65. Re6 Kg7 66. Ke5 Kf7 67.
Kf5 Kg7 68. Re4 Kf7 69. Re5 Kg7 70. Re3 Kf7 71. Kg5 Kg7 72. Re7+ Kf8 73. Ra7 Ke8 74. Kf6 Kd8 75. Ke6 Kc8 76. Kd6 Kb8 77. Rf7 Kc8 78.
Rg7 Kd8 79. Rg8# 1-0

[Event "Late-Titled-Tuesday-Blitz-February-13-2024"]
[Site "Chess.com"]
[Date "2024.02.13"]
[Round "4"]
[White "Zampronha1971"]
[Black "maxip32"]
[Result "1/2-1/2"]
[WhiteElo "2348"]
[BlackElo "2655"]
[TimeControl "180+1"]
[EndTime "14:40:11 PST"]
[Termination "Game drawn - insufficient material"]

1. e4 e6 2. d4 d5 3. Nc3 dxe4 4. Nxe4 Bd7 5. Nf3 Bc6 6. Bd3 Nd7 7. O-O Ngf6 8. Ned2 Be7 9. Re1 O-O 10. Nc4 b6 11. Nce5 Bb7 12. c3 c5 13. Bb5 cxd4 14. Nc6 Bxc6 15.
Bxc6 dxc3 16. Bxa8 cxb2 17. Bxb2 Qxa8 18. Ne5 Nxe5 19.
Bxe5 Nd5 20. Qf3 Rc8 21. Rac1 Bf8 22. g3 Qb7 23. Bb2 Rd8 24. Red1 b5 25. a3 a5 26. Qb3 b4 27. axb4 axb4 28. Qc4 h5 29.
Qc6 Qxc6 30. Rxc6 Ra8 31. Rc2 Ra2 32. Ra1 b3 33. Rxa2 bxa2 34. Ba1 Nb4 35. Rd2 f6 36. Bc3 Kf7 37. Rd1 Nc2 38. Rc1 Na3 39. Ra1 Nb1 40.
Bb2 Nd2 41. Rxa2 Ne4 42. Bd4 e5 43. Be3 g5 44. Ra7+ Kg6 45. h3 g4 46. hxg4 hxg4 47.
Kg2 Kf5 48. Ra6 Bb4 49. Ra4 Bc3 50. Rc4 Bb2 51. Rb4 Ba1 52. Ra4 Bc3 53. Rc4 Be1 54. Ra4 Nd6 55. Kf1 Bc3 56. Kg2 Ke6 57. Kf1 Kd5 58. Ra6 f5 59. Ra8 Nc4 60. Rf8 Ke4 61.
Ke2 Bd4 62. Bxd4 exd4 63. Re8+ Ne5 64. Ra8 d3+ 65. Kf1 Nc4 66. Ra4 Kd5 67. Ra8 d2 68.
Ke2 Kd4 69. Rc8 Kc3 70. Rxc4+ Kxc4 71. Kxd2 Kd4 72. Ke2 Ke4 73. Kf1 Kd3 74. Ke1 Kc4 75. Ke2 Kd4 76. Kd2 Ke4 77. Ke2 Kd4 78. Kd2 Ke4 79.
Ke2 f4 80. gxf4 Kxf4 81. Kf1 Kf3 82. Kg1 g3 83. fxg3 Kxg3 1/2-1/2

[Event "Late-Titled-Tuesday-Blitz-February-13-2024"]
[Site "Chess.com"]
[Date "2024.02.13"]
[Round "4"]
[White "IMRosen"]
[Black "Mariia89"]
[Result "1/2-1/2"]
[WhiteElo "2631"]
[BlackElo "2252"]
[TimeControl "180+1"]
[EndTime "14:40:16 PST"]
[Termination "Game drawn by repetition"]

1. d4 Nf6 2. Bf4 c5 3. e3 cxd4 4. exd4 d5 5. Nf3 Bg4 6. Nbd2 Nc6 7. h3 Bh5 8. Bb5 e6 9. g4 Bg6 10. Ne5 Rc8 11. Nxc6 bxc6 12. Ba6 Rb8 13. Bxb8 Qxb8 14. Bd3 Bd6 15. Rb1 Bxd3 16. cxd3 Qb4 17. Qc2 O-O 18. Qc3 Qb6 19. Rc1 Bb4 20. Qc2 Qxd4 21.
O-O Nxg4 22. Nf3 Qf4 23. Kg2 Nh6 24. Qxc6 Nf5 25. Qa4 Nh4+ 26. Nxh4 Qxh4 27. Rg1 Qg5+ 28. Kh1 Qf5 29. Rg3 Bd6 30. Qg4 Bxg3 31. Qxf5 exf5 32. fxg3 Rb8 33. Kg2 g5 34. b3 a5 35. Rc5 a4 36. Rxd5 axb3 37. axb3 Rxb3 38. Kf2 Rb2+ 39.
Ke3 f4+ 40. gxf4 gxf4+ 41. Kxf4 Rh2 42. Kg3 Re2 43. h4 Kg7 44. Kf3 Rh2 45. Kg4 Rg2+ 46.
Kf4 Rf2+ 47. Kg3 Rf1 48. h5 Rg1+ 49. Kf4 Rh1 50. Rg5+ Kf6 51. Rg2 Rxh5 52. Ke4 Rh4+ 53. Kd5 Rh5+ 54. Kd6 Rh4 55. Rf2+ Kg7 56. Ke5 h5 57. d4 Rh1 58. d5 Re1+ 59. Kf5 h4 60. Rd2 h3 61. d6 Re8 62. d7 Rd8 63. Ke5 Kg6 64. Kd6 Kg5 65. Ke7 Rh8 66. Rd5+ Kg4 67.
Rd4+ Kg3 68. Rd3+ Kg2 69. Rd2+ Kg3 70. Rd3+ Kg2 71. Rd2+ Kg3 72. Kxf7 h2 73. Rd3+ Kg2 74. Rd2+ Kg3 75. Rd1 Kg2 76. Rd2+ Kg3 1/2-1/2

[Event "Late-Titled-Tuesday-Blitz-February-13-2024"]
[Site "Chess.com"]
[Date "2024.02.13"]
[Round "4"]
[White "VitaliyBernadskiy"]
[Black "MyDream003"]
[Result "1/2-1/2"]
[WhiteElo "2877"]
[BlackElo "2750"]
[TimeControl "180+1"]
[EndTime "14:40:25 PST"]
[Termination "Game drawn - insufficient material"]

1. e3 Nf6 2. g4 h6 3. Bg2 d5 4.
h3 c5 5. f4 Nc6 6. Nf3 g6 7.
b3 Bg7 8. Bb2 b6 9. Ne5 Bb7 10.
Nxc6 Bxc6 11. Be5 e6 12. d3 Qe7 13. Nd2 Bb7 14. O-O O-O 15. Nf3 Nd7 16. Bxg7 Kxg7 17.
Qd2 e5 18. fxe5 Nxe5 19. Nxe5 Qxe5 20. d4 Qe7 21. Rf3 Rae8 22. Raf1 f6 23. c3 Qe6 24. R1f2 Bc6 25. Qd3 c4 26. Qd1 cxb3 27. Qxb3 Qd6 28. Bf1 Re6 29. Qc2 Rfe8 30. Bd3 Rxe3 31. Bxg6 Rxf3 32.
Rxf3 Re1+ 33. Kg2 Bb5 34. Bd3 Bxd3 35. Qxd3 Qe7 36. Qf5 Qe2+ 37. Kg3 Rg1+ 38. Kh4 Qe1+ 39.
Kh5 Qe8+ 40. Kh4 Qe1+ 41. Rf2 Rg2 42. Qxf6+ Kg8 43. Qf7+ Kh8 44. Qf8+ Kh7 45. Qf5+ Kh8 46. Qc8+ Kh7 47. Qd7+ Kh8 48. Qd8+ Kh7 49. Qc7+ Kh8 50.
Qb8+ Kh7 51. Qxa7+ Kh8 52. Qa8+ Kh7 53. Qb7+ Kh8 54.
Qc8+ Kh7 55. Qf5+ Kh8 56. Qf6+ Kh7 57. Kh5 Qxf2 58. Qxh6+ Kg8 59. Qg6+ Kf8 60. Qd6+ Ke8 61. Qb8+ Ke7 62. Qc7+ Ke8 63. Qc8+ Kf7 64. Qd7+ Kf8 65. Qd8+ Kf7 66. Qxd5+ Ke7 67. Qb7+ Ke6 68. Qxb6+ Kd5 69. Qc5+ Ke4 70. Qe5+ Kd3 71. Qf5+ Kxc3 72. Qxf2 Rxf2 73. d5 Rxa2 74. d6 Rd2 75. g5 Rxd6 76.
g6 Rd3 77. h4 Rg3 78. Kh6 Kd4 79. g7 Ke5 80. Kh7 Kf6 81. g8=Q Rxg8 82. Kxg8 Kg6 83. h5+ Kxh5 1/2-1/2

[Event "Late-Titled-Tuesday-Blitz-February-13-2024"]
[Site "Chess.com"]
[Date "2024.02.13"]
[Round "4"]
[White "Rawnsdale"]
[Black "StarkyNZ"]
[Result "1-0"]
[WhiteElo "2531"]
[BlackElo "2350"]
[TimeControl "180+1"]
[EndTime "14:40:29 PST"]
[Termination "Rawnsdale won by resignation"]

1. e4 c6 2. Nf3 d5 3. Nc3 dxe4 4. Nxe4 Nf6 5. Qe2 e6 6. d4 Be7 7. Bd2 Nbd7 8. O-O-O Nxe4 9. Qxe4 Nf6 10. Qf4 Qd5 11. Kb1 Qe4 12. Bd3 Qxf4 13. Bxf4 O-O 14. h4 b6 15. h5 Nd5 16. Bd2 Bb7 17. h6 g6 18. a3 c5 19. dxc5 Bxc5 20. c4 Ne7 21. Bc3 Rfd8 22. Ne5 Bd4 23. Bxd4 Rxd4 24. f3 Rad8 25.
Kc2 f6 26. Ng4 Kf7 27. Kc3 e5 28. Rhe1 Nc6 29. Kc2 R4d6 30. Nf2 Nd4+ 31. Kc3 Rc8 32. Be4 Ba6 33. b3 b5 34. Bd3 bxc4 35. Bxc4+ Bxc4 36. bxc4 Rdc6 37. Ne4 Rxc4+ 38. Kd3 R4c6 39. Rb1 R8c7 40.
Rb8 Ra6 41. Ra1 Nc2 42. Ra2 Nd4 43. Rh8 Ke6 44. Re8+ Kf7 45. Rh8 Ke6 46. g4 Rb6 47. Re8+ Kf7 48. Rh8 Rb3+ 49. Kd2 Nxf3+ 50. Ke2 Nd4+ 51.
Kf2 Rf3+ 52. Kg2 Ke6 53. Rd2 Rcc3 54. Re8+ Kd7 55. Rf8 Rcd3 56. Rxd3 Rxd3 57. Nxf6+ Ke7 58. Nxh7 Rxa3 59. Ra8 Ra2+ 60. Kg3 Ra3+ 61. Kg2 Ra2+ 62. Kh3 Ra1 63. Ng5 Rh1+ 64. Kg3 Rxh6 65. Rxa7+ Kd6 66.
Ra6+ Kc5 67. Ne4+ Kb5 68. Rf6 Kc4 69. g5 Rh1 70. Rxg6 Re1 71. Nd6+ Kd5 72. Nf7 e4 73. Rd6+ Kc4 74. Rd8 Rg1+ 75. Kf2 Ra1 76. g6 Ra2+ 77. Ke3 Nf5+ 78. Kxe4 Ng7 79. Rc8+ Kb5 80. Ke5 Re2+ 81. Kf6 Nh5+ 82. Kg5 Ng7 83. Rg8 Ne6+ 84. Kf6 Kc6 85. Re8 Kd7 86. Re7+ Kc6 87. Rxe6+ Rxe6+ 88. Kxe6 1-0

[Event "Late-Titled-Tuesday-Blitz-February-13-2024"]
[Site "Chess.com"]
[Date "2024.02.13"]
[Round "4"]
[White "SouS007"]
[Black "mjelcic"]
[Result "1/2-1/2"]
[WhiteElo "2483"]
[BlackElo "2214"]
[TimeControl "180+1"]
[EndTime "14:40:42 PST"]
[Termination "Game drawn by repetition"]

1. e4 g6 2. d4 Bg7 3. Nc3 d6 4. f4 a6 5. Nf3 b5 6. Bd3 Bb7 7.
a4 b4 8. Ne2 Nd7 9. O-O Ngf6 10. e5 Nd5 11. c4 bxc3 12. bxc3 c5 13. c4 Nb4 14. d5 dxe5 15. fxe5 Nxe5 16. Nxe5 Bxe5 17.
Bh6 Qc7 18. Rb1 a5 19. Nf4 O-O-O 20. Qg4+ Kb8 21. Rbe1 Bc8 22. Qe2 f6 23. Be4 g5 24.
Ne6 Bxe6 25. dxe6 Bxh2+ 26. Kh1 Bg3 27. Rd1 Rxd1 28. Rxd1 Rd8 29. Bf3 Rxd1+ 30. Qxd1 Qd6 31. Qxd6+ Bxd6 32. Be4 Kc7 33. g4 Nc6 34. Bxh7 Ne5 35. Bf5 Nxc4 36. Kg1 Nb6 37. Bc2 Bf4 38. Bf8 Kd6 39.
Kf2 Kxe6 40. Ke2 Bd6 41. Kd3 Kd5 42. Bd1 c4+ 43. Kc3 Bb4+ 44. Kb2 Ke4 45. Kc1 Kd3 46. Bc2+ Kc3 47. Bd1 Ba3+ 48. Kb1 Kb4 49. Bxe7+ Kc3 50. Bxa3 Kd2 51. Bc2 Ke3 52. Bf5 Nxa4 53. Be7 Nc3+ 54. Kb2 Nd5 55. Bd8 a4 56. Ka3 c3 57. Kxa4 Kd2 58.
Kb3 Ne3 59. Ba5 Nxf5 60. gxf5 Ke3 61. Kxc3 Kf4 62. Bd8 Kxf5 63. Kd4 g4 64. Ke3 Ke5 65. Kf2 f5 66. Kg3 Ke4 67. Bc7 Ke3 68. Bf4+ Ke4 69. Bg5 Ke5 70. Bf4+ Ke4 71. Bg5 Kd5 72. Kf4 Ke6 73. Bh4 Kd5 74. Bf2 Kc4 75. Bg3 Kb3 76.
Kxf5 Ka2 77. Ke4 Kb1 78. Kd4 Kc2 79. Kc4 Kd1 80. Kd3 Kc1 81. Ke2 Kc2 82. Ke3 Kc3 83. Ke4 Kc2 84. Kd4 Kb3 85. Kd3 Kb4 86. Kd4 Kb5 87. Kd5 Kb4 88. Bd6+ Kb5 89. Ke4 Kb6 90.
Bg3 Kc6 91. Kf5 Kd7 92. Kg5 Ke6 93. Kh4 Kd5 94. Bf4 Ke4 95. Kg3 Kf5 96. Bg5 Kxg5 97. Kg2 Kf4 98. Kf2 Ke4 99. Kg3 Kf5 100. Kg2 Kf4 101. Kf2 Kg5 102. Kg3 Kh5 103. Kg2 Kh4 104. Kh2 g3+ 105. Kg2 Kg4 106. Kg1 Kf4 107. Kf1 Ke4 108. Kg2 Kf4 109. Kg1 Kf3 110. Kf1 Ke3 111. Kg2 Kf4 112. Kg1 Kg4 113. Kg2 Kh4 114. Kg1 Kh3 115. Kh1 Kg4 116. Kg2 Kf4 1/2-1/2

[Event "Late-Titled-Tuesday-Blitz-February-13-2024"]
[Site "Chess.com"]
[Date "2024.02.13"]
[Round "4"]
[White "alexrustemov"]
[Black "Galileo22"]
[Result "1/2-1/2"]
[WhiteElo "2821"]
[BlackElo "2573"]
[TimeControl "180+1"]
[EndTime "14:41:07 PST"]
[Termination "Game drawn by repetition"]

1. d4 d5 2. c4 c6 3. Nc3 Nf6 4. e3 a6 5. Qc2 b5 6. b3 e6 7. Bd3 Nbd7 8. Nf3 Bb7 9. O-O Qc7 10. c5 Be7 11. Bb2 a5 12. a3 O-O 13. h3 Rfe8 14.
Ne2 Bf8 15. b4 g6 16. Bc3 axb4 17. axb4 Bg7 18. Ne5 Nf8 19. f4 N6d7 20. e4 dxe4 21. Bxe4 Nf6 22. Bf3 Nd5 23. Bd2 Red8 24. g3 Ne7 25. g4 Nd7 26. Kg2 Nf6 27. Qb3 Nfd5 28. Rfd1 Rdb8 29. Nd3 Bc8 30. Ra2 Qb7 31. Rda1 Nc7 32.
Ne5 Ned5 33. Ng3 Rxa2 34. Qxa2 Ra8 35. Qb2 Rxa1 36. Qxa1 Na6 37. Qb2 f6 38. Nd3 f5 39.
Ne5 Nb8 40. g5 Qa6 41. h4 Qa4 42. h5 Ne7 43. Kf2 Qa6 44. Ke2 Nd7 45. Nd3 Nd5 46. Bc1 Qb7 47. Qa3 Bf8 48. Bd2 Qa6 49. Qxa6 Bxa6 50. Kd1 Kf7 51. Ne2 Bc8 52. Nec1 Bg7 53. Nb3 Nb8 54. Ke2 Bd7 55. h6 Bh8 56. Be3 Be8 57. Kd2 Ke7 58. Na5 Kd8 59. Nb7+ Ke7 60. Nd6 Bd7 61. Ne5 Na6 62. Bxd5 exd5 63. Nd3 Nc7 64.
Kc3 Be6 65. Kb3 Ne8 66. Nb7 Kd7 67. Na5 Kc7 68. Ne5 Bxe5 69. dxe5 Kd7 70. Kc3 Nc7 71. Nb3 Bf7 72. Nd4 Ne6 73. Nf3 Ke7 74. Kd3 Be8 75. Kd2 Bd7 76. Ke2 Be8 77. Kf2 Bd7 78.
Ne1 Be8 79. Nd3 Bd7 80. Nc1 Be8 81. Ke2 Bd7 82. Kd3 Be8 83. Nb3 Bd7 84. Na5 Be8 85. Nb7 Bd7 86. Nd6 Be8 87. Bd2 Bd7 88. Nb7 Be8 89.
Na5 Bd7 90. Be3 Ke8 91. Nb7 Ke7 92. Nd6 Kf8 93. Ke2 Ke7 94. Bd2 Kf8 95. Kd3 Ke7 96.
Bc1 Kf8 97. Ke3 Ke7 98. Bb2 Kf8 99. Bd4 Ke7 100. Nxf5+ gxf5 101. g6 Nf8 102. g7 Be6 103. gxf8=Q+ Kxf8 104.
Kf3 Kf7 105. Kg3 Kg6 106. Kh4 Kxh6 107. Be3 Kg6 108. Bd4 Kh6 109. Be3 Kg6 110. Bd4 Kh6 1/2-1/2